 Dungeon Crawl Stone Soup version 0.30-a0-123-g91d0c66ccf (webtiles) character file.

Game seed: 11031844724021874092

27 ragingrage the Firebug (level 2, 0/24 HPs)
             Began as a Demonspawn Cinder Acolyte on Sept 17, 2022.
             Was a High Priest of Ignis.
             Succumbed to an adder's poison
             ... on level 2 of the Dungeon.
             The game lasted 00:01:15 (1026 turns).

ragingrage the Firebug (Demonspawn Cinder Acolyte)  Turns: 1026, Time: 00:01:15

Health: 0/24       AC:  2    Str: 14    XL:     2   Next: 93%
Magic:  3/3        EV: 11    Int: 15    God:    Ignis [*****.]
Gold:   37         SH:  0    Dex:  8    Spells: 3/3 levels left

rFire   + . .      SeeInvis .    a - -1 spear (flame)
rCold   . . .      Faith    .    (no shield)
rNeg    . . .      Spirit   .    b - +0 robe
rPois   .          Reflect  .    d - +0 hat
rElec   .          Harm     .    (no cloak)
rCorr   .          Rampage  .    (no gloves)
Will    +....                    (no boots)
Stlth   +.........               (no amulet)
HPRegen 0.08/turn                c - ring of willpower
MPRegen 0.08/turn                (no ring)

@: mighty, lethally poisoned (0 -> -2), attractive
A: foul stench 1
a: Renounce Religion, Fiery Armour, Foxfire Swarm, Rising Flame


You were on level 2 of the Dungeon.
You worshipped Ignis.
Ignis was extremely pleased with you.
You visited 1 branch of the dungeon, and saw 2 of its levels.

You collected 37 gold pieces.

Inventory:

Hand Weapons
 a - a -1 spear of flaming (weapon)
Missiles
 i - 6 javelins (quivered)
Armour
 b - a +0 robe (worn)
 d - a +0 hat (worn)
Jewellery
 c - a ring of willpower (left hand)
Scrolls
 f - a scroll of fog {unknown}
 h - a scroll of identify {unknown}
 j - a scroll of immolation {unknown}


   Skills:
 - Level 3.0 Fighting
 + Level 3.2 Polearms
 - Level 1.0 Spellcasting
 + Level 3.2 Fire Magic


You had 3 spell levels left.
You didn't know any spells.
Your spell library contained the following spells:

 Spells                   Type           Power      Damage    Failure   Level
 Scorch                   Fire           20%        2d6       10%         2


Dungeon Overview and Level Annotations

Branches:
Dungeon (2/15)

Altars:

Shops:
D:1 (


Innate Abilities, Weirdness & Mutations

You may rarely emit foul miasma when damaged in melee.


Message History

Found 5 stones.
An adder comes into view.
An adder is nearby!
An adder is nearby!
The adder hisses angrily.
A hobgoblin comes into view.
The hobgoblin shouts!
The adder attacks as you move away! The adder bites you.
You are poisoned.
The adder poisons you!
You feel sick. The adder bites you.
You are more poisoned.
The adder poisons you!
You feel sick.
You feel sick.
You feel sick. The adder completely misses you.
You feel sick.
You feel sick.
You feel sick. The adder bites you.
You are more poisoned.
The adder poisons you!
You emit a cloud of foul miasma!
You hit the adder. You burn the adder.
The adder is lightly wounded.
You feel sick.
The adder is engulfed in dark miasma.
The adder is poisoned.
The adder bites you.
* * * LOW HITPOINT WARNING * * *
Okay, then.
It was a potion of might.
You feel very mighty all of a sudden.
* * * LOW HITPOINT WARNING * * *
You feel sick.
You kill the adder!
It was a potion of attraction.
You feel attractive to monsters.
* * * LOW HITPOINT WARNING * * *
You feel sick. The hobgoblin is attracted toward you.
You completely miss the hobgoblin.
* * * LOW HITPOINT WARNING * * *
You feel sick.
You closely miss the hobgoblin.
You die...

.........#
.............#
.............#
.............#
.............#
.............######
...........<.......
............##########
............§g@.......
............##########
##..........#.#
#.#####......# #
#.#..#.# #.#.##.#
#.#...(# #.###### #..


You could see a hobgoblin.

Vanquished Creatures
  An adder (D:2)
  3 bats (D:1)
  2 endoplasms (D:1)
  2 giant cockroaches (D:1)
  A hobgoblin (D:1)
  2 kobolds (D:1)
  2 ball pythons (D:1)
  4 rats (D:1)
17 creatures vanquished.

Notes
Turn   | Place    | Note
-------+----------+-------------------------------------------
     0 | D:1      | ragingrage the Demonspawn Cinder Acolyte began the quest
                  | for the Orb.
     0 | D:1      | Reached XP level 1. HP: 18/18 MP: 2/2
   206 | D:1      | Found Ciefreul's Weapon Boutique.
   276 | D:1      | Gained mutation: You may rarely emit foul miasma when
                  | damaged in melee. [demonic ancestry]
   276 | D:1      | Reached XP level 2. HP: 11/24 MP: 3/3
   812 | D:1      | Found a faded altar of an unknown god.
  1025 | D:2      | HP: 1/24 [poisoned by an adder]
  1026 | D:2      | Succumbed to an adder's poison

Illustrated notes

Levels and vault maps discovered:
D:1:      dpeg_arrival_tiny_a, layout_basic, serial_shops, shop,
          chequers_ecumenical_altar_island
D:2:      layout_basic, uniq_robin

Skill      XL: |  1 |
---------------+----+-----
Polearms       | 3 |  3.2
Fire Magic     | 3 |  3.2
Fighting       | |  3.0
Spellcasting   | |  1.0

Action                   || total
-------------------------++-------
Melee: Spear             ||    65
  Use: Potion            ||     3
Armor: Robe              ||    20
Dodge: Dodged            ||    37

Table legend: (Time is in decaauts)
 A = Elapsed time spent in this place.
 B = Non-inter-level travel time spent in this place.
 C = Inter-level travel time spent in this place.
 D = Time resting spent in this place.
 E = Time spent auto-exploring this place.
 F = Levels seen in this place.
 G = Mean time per level.
                   A        B        C        D        E       F      G
               +--------+--------+--------+--------+--------+-----+--------+
         Total |   1046 |    995 |     51 |    246 |    534 |   2 |  523.0 |
       Dungeon |   1046 |    995 |     51 |    246 |    534 |   2 |  523.0 |
               +--------+--------+--------+--------+--------+-----+--------+

Top non-repeatable levels by time:
     D:1: 1019 daAuts
     D:2: 26 daAuts
